 Dungeon Crawl Stone Soup version 0.31-a0-198-g2ad674f65e (webtiles) character file.

Game seed: 15273155554727325237

619 qw the Skirmisher (level 7, -4/40 HPs)
             Began as a Deep Elf Hunter on June 25, 2023.
             Slain by a gnoll
             ... wielding a +0 whip
              (5 damage)
             ... on level 4 of the Dungeon.
             The game lasted 00:00:51 (2626 turns).

qw the Skirmisher (Deep Elf Hunter)                 Turns: 2626, Time: 00:00:51

Health: -4/40      AC:  9    Str: 10    XL:     7   Next: 21%
Magic:  9/9        EV: 11    Int: 14    God:
Gold:   126        SH:  0    Dex: 18    Spells: 6/6 levels left

rFire   . . .        Y - +0 arbalest (flame)
rCold   . . .        (shield currently unavailable)
rNeg    + . .        g - +0 ring mail
rPois   .            (no helmet)
rElec   .            (no cloak)
rCorr   .            (no gloves)
SInv    .            (no boots)
Will    .....        (no amulet)
Stlth   +            e - +4 ring of protection
HPRegen 0.26/turn    j - ring of positive energy
MPRegen 0.11/turn

%: no passive effects
@: no status effects
A: subdued magic 1
a: no special abilities


You were on level 4 of the Dungeon.
You visited 1 branch of the dungeon, and saw 4 of its levels.
You visited the Abyss 1 time.

You collected 126 gold pieces.


Innate Abilities, Weirdness & Mutations

Your spells are a little easier to cast, but a little less powerful.


   Skills:
 - Level 2.0 Fighting
 + Level 10.9 Ranged Weapons
 - Level 3.7 Dodging
 - Level 1.2 Stealth


You had 6 spell levels left.
You didn't know any spells.
Your spell library was empty.

Inventory:

Hand Weapons
 Y - a +0 arbalest of flaming (weapon)
Armour
 b - a +0 helmet
 g - a +0 ring mail (worn)
Jewellery
 e - a +4 ring of protection (left hand)
 j - a ring of positive energy (right hand)
Scrolls
 d - a scroll of identify
Potions
 a - a potion of resistance
 c - a potion of cancellation
 f - a potion of heal wounds {unknown}
 h - a potion of attraction {unknown}
 i - a potion of degeneration {unknown}

Dungeon Overview and Level Annotations

Branches:
Dungeon (4/15)
 Temple: D:4-7

Altars:

Annotations:
D:2 1 runed translucent door, Crazy Yiuf
D:3 2 transporters, qw's ghost, amateur DEHu


Message History

Your connection to magic feels subdued.
You shoot a bolt. The bolt hits the neqoxec!!
The bolt burns the neqoxec.
You kill the neqoxec!
You have reached level 7!
You start resting.
The substance of the Abyss twists violently, and a gateway leading out appears!
HP restored.
You pass through the gate.
Welcome back to the Dungeon!
The gnoll hits you but does no damage. The gnoll barely misses you.
The gnoll closely misses you.
You see here 6 gold pieces.
You shoot a bolt. The bolt closely misses the gnoll.
The bolt hits the kobold.
The bolt burns the kobold.
The kobold is severely wounded.
The gnoll hits you from afar with a +2 spear of distortion.
The gnoll hits you from afar with a +0 spear.
The gnoll misses you. The gnoll hits you with a +0 flail!
The gnoll closely misses you. The gnoll hits you with a +0 flail.
The gnoll hits you from afar with a +0 spear.
The gnoll hits you from afar with a +2 spear of distortion.
Space warps around you.
You shoot a bolt. The bolt hits the gnoll!
The bolt burns the gnoll.
You kill the gnoll!
The gnoll hits you from afar with a +2 spear of distortion!
The gnoll hits you but does no damage. The gnoll misses you.
You shoot a bolt. The bolt hits the kobold!!
The bolt burns the kobold.
You kill the kobold!
The gnoll closely misses you.
The gnoll hits you from afar with a +0 spear.
The gnoll barely misses you. The gnoll hits you but does no damage.
The gnoll barely misses you. The gnoll hits you but does no damage.
You blink.
Enter note:
Enter note: You shoot a bolt.
The bolt barely misses the gnoll.
The gnoll closely misses you. x2
You shoot a bolt. The bolt barely misses the gnoll.
The gnoll hits you but does no damage. The gnoll closely misses you.
The gnoll hits you but does no damage. Space warps around you.
The gnoll hits you with a +0 whip.
You die...

#.#.#.#.##
#.###.#........#
.###.###.#.#.#.##
.##...##.##...##
.#.#.#.#.###.##
.#.(#((#.# #.#
.#.#(#(#.# #.#
.##(((##.# #.#
..#####@g# #.#
.......g$###.#
........)g...#
####..########
##. #. . .


You could see 8 dancing weapons and 3 gnolls.

Vanquished Creatures
  Sigmund (D:2)
  A neqoxec (Abyss:1)
  A scorpion (D:4)
  A hound (D:4)
  Natasha (thrice) (D:2)
  Terence (D:3)
  A gnoll (D:4)
  6 adders
  A worm (D:3)
  A dart slug (D:3)
  6 orcs
  8 endoplasms
  A giant cockroach (D:2)
  5 goblins
  5 hobgoblins
  3 jackals (D:2)
  4 kobolds
  4 quokkas
  2 bats (D:2)
  2 frilled lizards (D:3)
  3 rats
60 creatures vanquished.

Notes
Turn   | Place    | Note
-------+----------+-------------------------------------------
     0 | D:1      | qw the Deep Elf Hunter began the quest for the Orb.
     0 | D:1      | Reached XP level 1. HP: 12/12 MP: 3/3
     0 | D:1      | 0 ||| qw: Version: 0.3-a-22-g0ed2b0b
     0 | D:1      | 0 ||| qw: Game counter: 5162
     0 | D:1      | 0 ||| qw: Melee chars always use a shield: true
     0 | D:1      | 0 ||| qw: God list: Okawaru
     0 | D:1      | 0 ||| qw: Allow faded altars: false
     0 | D:1      | 0 ||| qw: Do Orc after clearing Dungeon:15 true
     0 | D:1      | 0 ||| qw: Do second Lair branch before Depths: true
     0 | D:1      | 0 ||| qw: Lair rune preference: random
     0 | D:1      | 0 ||| qw: Goals: Normal
     0 | D:1      | 0 ||| PLANNING D:1-11
   559 | D:1      | Reached XP level 2. HP: 16/16 MP: 4/4
   707 | D:1      | 707 ||| UPGRADING to +0 ring mail.
   717 | D:1      | 717 ||| DROPPING +0 leather armour.
   718 | D:1      | 718 ||| DROPPING +6 ring of intelligence.
   719 | D:1      | 719 ||| READING scroll labelled ZIASUSKOGGI.
   720 | D:1      | 720 ||| READING scroll labelled VAC YSTIF UCUI.
   720 | D:1      | Identified a scroll of acquirement
   720 | D:1      | 720 ||| ACQUIRING +0 arbalest of draining
   720 | D:1      | Acquired a +0 arbalest of draining
   722 | D:1      | 722 ||| SWAPPING to +0 arbalest of draining.
   723 | D:1      | 723 ||| DROPPING +0 shortbow.
   724 | D:1      | 724 ||| READING scroll labelled ZITOEC HOEQ.
   725 | D:1      | 725 ||| DROPPING scroll of butterflies.
   770 | D:2      | Reached skill level 6 in Ranged Weapons
   877 | D:2      | Reached XP level 3. HP: 20/20 MP: 5/5
  1015 | D:2      | Reached skill level 7 in Ranged Weapons
  1017 | D:2      | Noticed Natasha
  1019 | D:2      | Killed Natasha
  1020 | D:2      | Reached XP level 4. HP: 25/25 MP: 6/6
  1038 | D:2      | Noticed Sigmund
  1041 | D:2      | Killed Sigmund
  1042 | D:2      | Reached skill level 9 in Ranged Weapons
  1042 | D:2      | Reached XP level 5. HP: 13/29 MP: 7/7
  1115 | D:2      | Found a runed translucent door.
  1116 | D:2      | Noticed Crazy Yiuf
  1130 | D:2      | Noticed Natasha
  1133 | D:2      | Killed Natasha
  1134 | D:2      | Reached XP level 6. HP: 35/35 MP: 8/8
  1327 | D:2      | Noticed Natasha
  1330 | D:2      | Killed Natasha
  1587 | D:2      | 1587 ||| READING scroll labelled QEPSUFOEMU.
  1688 | D:2      | 1688 ||| READING scroll labelled JOED QUHEE.
  1689 | D:2      | 1689 ||| READING scroll labelled ENEUDI RUDGHY.
  1690 | D:2      | 1690 ||| DRINKING 2 sapphire potions.
  1691 | D:2      | 1691 ||| DROPPING potion of brilliance.
  1754 | D:3      | Noticed Terence
  1772 | D:3      | Killed Terence
  1935 | D:3      | Reached skill level 10 in Ranged Weapons
  2149 | D:3      | Found a transporter.
  2149 | D:3      | Noticed qw's ghost (amateur DEHu)
  2247 | D:3      | Found a transporter.
  2317 | D:3      | 2317 ||| UPGRADING to +4 ring of protection.
  2318 | D:3      | 2318 ||| UPGRADING to ring of positive energy.
  2319 | D:3      | 2319 ||| READING scroll labelled TATZORITEJE.
  2320 | D:3      | 2320 ||| DRINKING 2 purple potions.
  2321 | D:3      | 2321 ||| READING 3 scrolls of identify.
  2321 | D:3      | 2321 ||| IDENTIFYING puce potion
  2322 | D:3      | 2322 ||| READING 2 scrolls of identify.
  2322 | D:3      | 2322 ||| IDENTIFYING fuming orange potion
  2323 | D:3      | 2323 ||| DROPPING potion of lignification.
  2345 | D:4      | Reached skill level 3 in Dodging
  2554 | D:4      | Noticed a +0 short sword
  2555 | D:4      | Noticed a +0 dagger
  2555 | D:4      | Noticed a +0 spear
  2556 | D:4      | Noticed a +0 falchion
  2557 | D:4      | Noticed a +0 spear
  2572 | D:4      | Noticed a +0 falchion
  2572 | D:4      | Noticed a +0 dagger
  2572 | D:4      | Noticed a +0 short sword
  2574 | Abyss:1  | Cast into level 1 of the Abyss (gnoll)
  2582 | Abyss:1  | Noticed a neqoxec
  2589 | Abyss:1  | Gained mutation: Your spells are a little easier to cast,
                  | but a little less powerful. [a neqoxec]
  2590 | Abyss:1  | Killed a neqoxec
  2591 | Abyss:1  | Reached XP level 7. HP: 32/40 MP: 9/9
  2621 | D:4      | Escaped the Abyss
  2623 | D:4      | HP: 6/40 [gnoll/+2 spear of distortion (8)]
  2626 | D:4      | HP: 1/40 [gnoll/+2 spear of distortion (5)]
  2626 | D:4      | Slain by a gnoll

Levels and vault maps discovered:
D:1:      mainiacjoe_arrival_reflecting_pool, layout_loops_ring,
          serial_park_tiny_2, lemuel_flame_loot_1
D:2:      layout_loops_ring, uniq_crazy_yiuf_cottage, uniq_natasha, uniq_sigmund
D:3:      layout_basic, gammafunk_ghost_mausoleum, uniq_terence
D:4:      layout_loops_ring, lemuel_doored_altar, nicolae_uskayaw_en_pointe,
          minmay_temple_entry_mist, ebering_ghost_gozag

Skill      XL: |  1  2  3  4  5  6 |
---------------+-------------------+-----
Ranged Weapons | 6 7 9 10 | 10.9
Fighting       | 2 |  2.0
Dodging        | 3 |  3.7
Stealth        | |  1.2

Action                     |  1- 3 |  4- 6 |  7- 9 || total
---------------------------+-------+-------+-------++-------
   Fire: Shortbow          |    29 |       |       ||    29
         Arbalest          |    34 |   105 |     5 ||   144
    Use: Scroll            |     3 |     6 |       ||     9
         Potion            |       |     2 |       ||     2
 Armour: Ring mail         |     9 |    22 |     6 ||    37
  Dodge: Dodged            |    18 |    33 |    11 ||    62

Table legend:
 A = Non-vault XP
 B = Vault XP
 C = Vault XP percentage of total XP
 D = Non-vault monster count
 E = Vault monster count
 F = Vault count percentage of total count
                 A         B        C        D         E       F
            +---------+---------+-------+---------+---------+-------
      Total |     570 |     315 |  35.6 |      57 |       3 |   5.0
            +---------+---------+-------+---------+---------+-------
        D:1 |      12 |       0 |   0.0 |       6 |       0 |   0.0
        D:2 |     151 |     279 |  64.9 |      21 |       2 |   8.7
        D:3 |      62 |      36 |  36.7 |      18 |       1 |   5.3
        D:4 |     166 |       0 |   0.0 |      11 |       0 |   0.0
    Abyss:1 |     179 |       0 |   0.0 |       1 |       0 |   0.0
            +---------+---------+-------+---------+---------+-------
